 Dungeon Crawl Stone Soup version 0.31.0-11-ge490571c62 (webtiles) character file.

Game seed: 5896080671353395856

10 Aviak the Conjurer (level 2, -1/21 HPs)
             Began as a Merfolk Conjurer on Feb 1, 2024.
             Slain by a kobold
             ... wielding a +0 short sword
              (4 damage)
             ... on level 1 of the Dungeon.
             The game lasted 00:00:39 (481 turns).

Aviak the Conjurer (Merfolk Conjurer)                Turns: 481, Time: 00:00:39

Health: -1/21      AC:  2    Str:  7    XL:     2   Next: 20%
Magic:  0/5        EV: 12    Int: 17    God:
Gold:   6          SH:  0    Dex: 12    Spells: 2/5 levels left

rFire   . . .        (no weapon)
rCold   . . .        (no shield)
rNeg    . . .        a - +0 robe
rPois   .            (no helmet)
rElec   .            (no cloak)
rCorr   .            (no gloves)
SInv    .            (no boots)
Will    .....        (no amulet)
Stlth   ++           (no ring)
HPRegen 0.23/turn    (no ring)
MPRegen 0.09/turn

%: no passive effects
@: no status effects
A: (nimble swimmer 2), mertail
a: no special abilities


You were on level 1 of the Dungeon.
You visited 1 branch of the dungeon, and saw 1 of its levels.

You collected 6 gold pieces.

Inventory:

Armour
 a - a +0 robe (worn)
Potions
 b - a potion of magic
 c - a potion of brilliance {unknown}
 d - 2 potions of attraction {unknown}
 e - a potion of heal wounds {unknown}


   Skills:
 + Level 1.0 Fighting
 + Level 3.1 Dodging
 - Level 2.1 Stealth
 - Level 2.0 Spellcasting
 + Level 3.4 Conjurations


You had 2 spell levels left.
You knew the following spells:

 Your Spells              Type           Power      Damage    Failure   Level
a - Magic Dart            Conj           52%        1d5       4%          1
b - Searing Ray           Conj           26%        2d5       7%          2

Your spell library contained the following spells:

 Spells                   Type           Power      Damage    Failure   Level
 Dazzling Flash           Conj/Hex       14%        N/A       28%         3
 Mephitic Cloud           Conj/Alch/Air  5%         N/A       36%         3
 Fulminant Prism          Conj/Alch      3%         3d5       67%         4
 Iskenderun's Mystic Bla  Conj/Tloc      7%         2d4       67%         4
 Curse of Agony           Necr           1%         N/A       99%         5
 Silence                  Hex/Air        0%         N/A       99%         5


Dungeon Overview and Level Annotations

Branches:
Dungeon (1/15)

Altars:


Innate Abilities, Weirdness & Mutations

((You are very nimble when in or above water. (Stealth+, EV+, Speed+++)))
Your lower body shifts to a powerful aquatic tail in water.


Message History

The magic dart hits the kobold.
The kobold is severely wounded.
The kobold shouts!
The magic dart hits the kobold but does no damage.
The kobold is severely wounded.
The magic dart hits the kobold.
You kill the kobold!
Your Fighting skill increases to level 1!
The magic dart hits the ball python.
You kill the ball python!
The magic dart hits the kobold.
The kobold is moderately wounded.
You are out of magic!
The kobold hits you with a +0 short sword.
You hit the kobold but do no damage.
The kobold is moderately wounded.
The kobold hits you with a +0 short sword.
You completely miss the kobold.
The kobold is moderately wounded.
The kobold barely misses you.
You completely miss the kobold. The kobold barely misses you.
You barely miss the kobold.
The kobold hits you with a +0 short sword.
You hit the kobold but do no damage.
The kobold hits you with a +0 short sword.
You barely miss the kobold. The kobold misses you.
You closely miss the kobold. The kobold barely misses you.
The magic dart hits the kobold.
The kobold is moderately wounded.
The kobold hits you with a +0 short sword.
* * * LOW HITPOINT WARNING * * *
You are too injured to fight recklessly!
You hit the kobold but do no damage.
The kobold is moderately wounded.
The kobold hits you with a +0 short sword.
* * * LOW HITPOINT WARNING * * *
You hit the kobold but do no damage.
The kobold is moderately wounded.
The kobold hits you with a +0 short sword.
You die...

..........#.##.#
#.#########.##.###
...............)>#
.[...#####..##.#.#
.....# #...#.#.#
.....# #.#.#.#.#
.....# #.#.#.#.#
.....# #...#+#.###
.....# #......@..#
######
#......K)...#
#.........#.#
#...........#
#.........###
#.........#
#.........#
..........#


You could see a kobold.

Vanquished Creatures
  A goblin (D:1)
  3 hobgoblins (D:1)
  A kobold (D:1)
  3 ball pythons (D:1)
  A frilled lizard (D:1)
9 creatures vanquished.

Notes
Turn   | Place    | Note
-------+----------+-------------------------------------------
     0 | D:1      | Aviak the Merfolk Conjurer began the quest for the Orb.
     0 | D:1      | Reached XP level 1. HP: 13/13 MP: 3/3
   314 | D:1      | Reached XP level 2. HP: 13/20 MP: 0/5
   317 | D:1      | Learned a level 2 spell: Searing Ray
   469 | D:1      | Reached skill level 1 in Fighting
   481 | D:1      | Slain by a kobold

Illustrated notes

Levels and vault maps discovered:
D:1:      spicycebolla_green_bress_n_ham_2, layout_basic, nicolae_titane

Skill      XL: |  1  2 |
---------------+-------+-----
Dodging        | 3 |  3.1
Fighting       | 1 |  1.0
Stealth        | |  2.1
Spellcasting   | |  2.0
Conjurations   | |  3.4

Action                     || total
---------------------------++-------
  Melee: Unarmed           ||    21
   Cast: Magic Dart        ||    21
 Armour: Robe              ||    16
  Dodge: Dodged            ||    13
